Map: Dusk Towers (3.2.2 Balance v1.0)

Players

Manquak - Winner!

  • Race: Zerg Zerg

Gracz

  • Race: Terran Terran

VOD

Have the link to the VOD?

Description

Time

  • Played on: April 27, 2016, 12:03 p.m.
  • Length: 5:18
Show
View Real Time Build Order
Export as new Build Order

Manquak Zerg - Winner!

Build Orders: Hatch First 

Get SALT Encoding   

  12  0:01  Drone  
  13  0:12  Overlord  
  13  0:21  Drone  
  14  0:31  Drone x2  
  16  0:35  Drone  
  17  0:56  Hatchery  
  16  0:58  Drone  
  16  0:59  Drone  
  16  1:03  Extractor  
  17  1:07  Drone  
  18  1:23  Spawning Pool  
  18  1:25  Drone  
  18  1:28  Drone  
  19  1:40  Overlord  
  19  2:00  Overlord  
  19  2:01  Overlord  
  19  2:10  Metabolic Boost, Queen  
  19  2:14  Queen  
  23  2:26  Baneling Nest  
  23  2:27  Extractor  
  21  2:33  Zergling x6  
  24  2:37  Zergling x2  
  24  2:40  Zergling x2  
  26  2:44  Zergling x2  
  26  2:49  Zergling x2  
  29  2:51  Zergling x2  
  29  2:59  Zergling x4  
  31  3:11  Zergling x4  
  28  3:25  Spine Crawler  
  27  3:28  Spine Crawler  
  26  3:43  Spine Crawler, Zergling x2  
  26  3:48  Spine Crawler  
  26  3:53  Zergling x4  
  27  4:02  Baneling  
  27  4:03  Baneling x2  
  27  4:05  Baneling  
  27  4:09  Zergling x2  
  28  4:14  Zergling x2  
  29  4:20  Drone  
  30  4:26  Drone  
  30  4:30  Drone  
  32  4:35  Drone  
  33  4:40  Drone  
  33  4:44  Drone  
  35  4:50  Drone  
  36  4:52  Drone  
  36  4:58  Drone  
  36  5:00  Zergling x2  
Show
View Real Time Build Order
Export as new Build Order

Gracz Terran 

Build Orders:  

Get SALT Encoding   

  12  0:06  SCV  
  13  0:33  SCV  
  14  0:45  SCV  
  14  0:49  Supply Depot  
  15  1:18  Barracks  
  15  1:20  Barracks  
  15  1:22  Barracks  
  15  2:05  SCV  
  16  2:17  Marine x3, SCV  
  20  2:35  Marine x2  
  20  2:36  Marine  
  23  3:01  Supply Depot  
  23  3:03  Supply Depot  
  23  3:23  Marine x3  
  25  3:41  Marine x3  
  23  3:55  Supply Depot  
  23  3:57  Supply Depot  
  23  3:58  Marine x3  
  23  3:59  Supply Depot  
  26  4:16  Marine x3  
  29  4:28  Barracks  
  29  4:30  Barracks  
  29  4:34  Marine x3  
  32  4:52  Marine x3  
Tags
 
Add a new tag
Caveats
  • Supply blocks, unpowered buildings, or Contaminate may cause inaccurate times.
  • Supply counts are checked every 10 seconds.